Map: Givre EC

Players

Weedababzz

  • Race: Protoss Protoss

seaLiFe - Winner!

  • Race: Terran Terran
  • League: Gold

VOD

Have the link to the VOD?

Description

Time

  • Played on: Oct. 7, 2016, 9:23 a.m.
  • Length: 12:27
Show
View Real Time Build Order
Export as new Build Order

Weedababzz Protoss 

Build Orders:  

Get SALT Encoding   

  12  0:18  Probe (Chrono Boost)  
  13  0:26  Pylon  
  14  0:28  Probe (Chrono Boost)  
  14  0:39  Probe (Chrono Boost)  
  15  0:46  Gateway  
  15  0:49  Probe (Chrono Boost)  
  16  1:00  Pylon, Probe (Chrono Boost)  
  17  1:05  Assimilator  
  17  1:10  Probe (Chrono Boost)  
  18  1:21  Probe (Chrono Boost)  
  19  1:32  Probe (Chrono Boost)  
  20  1:34  Zealot  
  22  1:41  Cybernetics Core  
  22  1:42  Probe (Chrono Boost)  
  23  1:49  Assimilator  
  23  1:53  Probe (Chrono Boost)  
  24  2:03  Zealot  
  26  2:12  Probe (Chrono Boost)  
  27  2:19  Nexus, Warp Gate  
  27  2:27  Probe (Chrono Boost)  
  28  2:32  Adept  
  30  2:38  Probe (Chrono Boost)  
  31  2:52  Gateway  
  31  2:58  Pylon  
  31  3:17  Probe (Chrono Boost)  
  32  3:20  Adept  
  34  3:35  Probe (Chrono Boost)  
  34  3:39  Probe (Chrono Boost)  
  36  3:46  Probe (Chrono Boost)  
  36  3:47  Adept  
  39  3:48  Adept  
  39  3:51  Probe (Chrono Boost)  
  42  3:57  Robotics Facility  
  42  3:59  Probe (Chrono Boost)  
  45  4:10  Probe (Chrono Boost)  
  45  4:12  Mothership Core (Chrono Boost)  
  46  4:29  Gateway  
  46  4:30  Probe (Chrono Boost)  
  47  4:32  Gateway  
  47  4:33  Stalker  
  47  4:34  Gateway  
  47  4:35  Probe (Chrono Boost)  
  50  4:41  Probe (Chrono Boost)  
  50  4:45  Probe (Chrono Boost)  
  52  4:52  Observer  
  53  4:56  Probe (Chrono Boost)  
  54  5:00  Assimilator  
  54  5:02  Assimilator  
  54  5:27  Pylon  
  54  5:31  Pylon  
  54  5:42  Pylon  
  54  5:45  Warp Prism, Probe x2 (Chrono Boost)  
  54  5:47  Pylon, Stalker  
  54  5:48  Stalker  
  62  5:51  Pylon  
  62  5:56  Probe x2 (Chrono Boost)  
  64  6:00  Forge  
  64  6:05  Forge, Robotics Bay  
  64  6:07  Probe x2 (Chrono Boost)  
  64  6:10  Zealot  
  68  6:11  Zealot x2  
  68  6:17  Probe x2 (Chrono Boost)  
  74  6:21  Immortal  
  78  6:51  Stalker  
  78  6:52  Stalker  
  82  6:54  Stalker  
  82  6:55  Nexus, Stalker  
  82  6:56  Pylon, Stalker  
  82  7:00  Immortal  
  91  7:20  Pylon  
  91  7:23  Pylon  
  91  7:27  Pylon  
  91  7:28  Stalker  
  77  7:40  Immortal  
  81  8:00  Stalker  
  81  8:01  Stalker x3  
  81  8:03  Stalker  
  91  8:19  Probe x2 (Chrono Boost)  
  93  8:29  Probe x2 (Chrono Boost)  
  93  8:30  Probe (Chrono Boost)  
  93  8:31  Stalker  
  93  8:32  Stalker  
  100  8:36  Stalker  
  100  8:39  Probe (Chrono Boost)  
  103  8:41  Stalker  
  105  8:50  Probe (Chrono Boost)  
  106  9:01  Probe (Chrono Boost)  
  108  9:10  Probe x2 (Chrono Boost)  
  108  9:11  Probe (Chrono Boost)  
  110  9:20  Probe (Chrono Boost)  
  110  9:23  Stalker  
  110  9:24  Stalker  
  99  9:35  Stalker  
  99  9:36  Stalker  
  98  10:02  Zealot  
  98  10:03  Zealot x2  
  104  10:14  Pylon  
  104  10:24  Probe x2 (Chrono Boost)  
  104  10:25  Probe (Chrono Boost)  
  107  10:31  Assimilator  
  107  10:35  Probe x3 (Chrono Boost)  
  110  10:38  Assimilator  
  110  10:41  Gateway  
  110  10:44  Gateway, Stalker x2  
  110  10:45  Stalker, Probe (Chrono Boost)  
  110  10:46  Gateway  
  110  10:49  Gateway  
  117  10:53  Pylon  
  117  10:56  Pylon  
  117  11:01  Pylon  
  117  11:03  Pylon  
  117  11:04  Pylon  
  117  11:05  Pylon  
  117  11:06  Pylon  
  117  11:07  Pylon  
  117  11:11  Probe x3 (Chrono Boost)  
  117  11:14  Stalker  
  117  11:15  Stalker  
  117  11:17  Stalker x2  
  128  11:18  Stalker  
  130  11:28  Photon Cannon  
  130  11:31  Photon Cannon  
  130  11:37  Pylon  
  130  11:46  Stalker  
  132  11:47  Stalker x2  
  132  11:48  Stalker  
  132  11:52  Stalker  
  60  12:17  Stalker x2  
  60  12:18  Stalker  
Show
View Real Time Build Order
Export as new Build Order

seaLiFe Terran - Winner!

Build Orders: Command Center First (CC) 

Get SALT Encoding   

  12  0:08  SCV  
  13  0:24  Supply Depot  
  13  0:28  SCV  
  14  0:40  SCV  
  15  0:52  SCV  
  16  1:03  Command Center  
  16  1:13  Barracks  
  16  1:18  Refinery  
  16  1:21  SCV  
  17  1:33  SCV  
  18  1:41  Supply Depot  
  18  1:45  SCV  
  19  1:54  Barracks  
  19  1:57  SCV  
  20  2:02  Refinery  
  20  2:15  Barracks Reactor  
  20  2:17  Bunker  
  20  2:26  Orbital Command  
  20  2:40  Engineering Bay  
  21  2:54  Barracks Reactor  
  21  2:55  Barracks Reactor  
  21  2:57  Barracks Tech Lab  
  20  2:58  Orbital Command  
  20  3:02  Marine  
  20  3:05  Marine  
  22  3:14  Missile Turret  
  22  3:23  Missile Turret  
  22  3:30  Stimpack  
  22  3:33  Marine  
  23  3:35  SCV  
  24  3:42  Terran Infantry Weapons Level 1  
  24  3:44  Marine  
  24  3:47  Marine  
  26  4:02  Factory  
  26  4:05  Marine x2  
  26  4:09  Missile Turret  
  28  4:14  Marine  
  29  4:18  SCV x2  
  29  4:23  Marine  
  31  4:33  Barracks  
  31  4:35  SCV x2  
  33  4:44  Supply Depot  
  33  4:47  SCV x2  
  33  4:49  Factory Reactor  
  35  4:55  Starport  
  35  4:59  SCV x2  
  37  5:08  Marine  
  37  5:10  Marine  
  37  5:11  Marine, SCV  
  41  5:17  SCV  
  41  5:21  Supply Depot  
  42  5:23  SCV  
  42  5:26  Marine  
  42  5:27  Marine, Barracks Reactor  
  45  5:35  Supply Depot  
  45  5:36  Terran Infantry Armor Level 1  
  45  5:40  Medivac x2  
  45  5:42  SCV  
  50  5:48  SCV  
  51  5:50  Marine x2  
  51  5:54  SCV, Supply Depot  
  54  6:06  Marine x2  
  54  6:08  Marine x2  
  54  6:10  Medivac x2  
  62  6:25  SCV x2  
  64  6:27  Marauder  
  64  6:28  Marine x3  
  69  6:37  SCV x2  
  69  6:39  Refinery  
  71  6:42  Refinery  
  71  6:47  Supply Depot  
  71  6:49  SCV, Marauder  
  71  6:50  SCV, Supply Depot  
  75  6:58  Medivac  
  77  7:02  SCV  
  77  7:08  Medivac  
  80  7:10  Armory  
  80  7:14  SCV  
  81  7:18  Marine x5  
  86  7:35  Marine  
  86  7:36  Marine x2  
  83  7:56  Marine x2, Marauder  
  83  7:57  Medivac x2, Marine  
  92  8:05  Command Center  
  92  8:12  Barracks  
  92  8:13  Marine  
  92  8:14  Marine  
  92  8:15  Barracks  
  92  8:18  Barracks  
  94  8:26  Supply Depot  
  94  8:28  Supply Depot  
  94  8:29  Supply Depot  
  94  8:32  Supply Depot  
  94  8:37  Terran Infantry Weapons Level 2  
  94  8:47  Marine x2  
  94  8:48  Marauder  
  98  9:02  Barracks Tech Lab  
  98  9:07  Barracks Tech Lab  
  98  9:08  Concussive Shells  
  98  9:18  Command Center  
  89  9:52  Marauder x3  
  91  10:11  Orbital Command  
  91  10:13  Marauder x3  
  97  10:17  Marine x3  
  97  10:18  Marine  
  101  10:32  Orbital Command  
  101  10:34  Marauder x2  
  101  10:35  Marine x3, Marauder  
  108  10:36  Supply Depot  
  108  10:39  Supply Depot  
  108  10:40  Supply Depot  
  110  10:52  Marine  
  110  10:56  Marauder x3  
  117  11:15  Marine x2  
  117  11:16  Marine x3  
  117  11:17  Marauder x3  
  128  11:33  Marine x3  
  128  11:34  Marine x2  
  128  11:39  Marauder x3  
  139  11:51  Marine x2  
  141  12:00  Marauder x3  
Tags
 
Add a new tag
Caveats
  • Supply blocks, unpowered buildings, or Contaminate may cause inaccurate times.
  • Supply counts are checked every 10 seconds.